 Dungeon Crawl Stone Soup version 0.23-a0-582-g1b4a0ca (webtiles) character file.

136 MisterFreud the Conjurer (level 5, 0/42 HPs)
             Began as a Naga Fire Elementalist on Dec 16, 2018.
             Killed by divine providence
             ... invoked by an orc priest
              (11 damage)
             ... on level 3 of the Dungeon.
             The game lasted 00:07:08 (2769 turns).

MisterFreud the Conjurer (Naga Fire Elementalist)   Turns: 2769, Time: 00:07:09

Health: 0/42       AC:  2    Str: 11    XL:     5   Next: 19%
Magic:  8/8        EV: 10    Int: 16    God:
Gold:   158        SH:  0    Dex: 11    Spells: 4/8 levels left

rFire    . . .     SeeInvis +   o - +1 trident
rCold    + . .     Gourm    .   (no shield)
rNeg     . . .     Faith    .   a - +0 robe
rPois    +         Spirit   .   (no helmet)
rElec    .         Reflect  .   (no cloak)
rCorr    .         Harm     .   (no gloves)
MR       .....                  (no barding)
Stlth    ++........             (no amulet)
HPRegen  0.14/turn              i - ring of protection from cold
MPRegen  0.11/turn              (no ring)

@: short of breath, very slow
A: large, see invisible, deformed body, poison resistance, slowness 2, slow
metabolism 1, spit poison 1, AC +1
a: Spit Poison


You were on level 3 of the Dungeon.
You were not hungry.

You visited 1 branch of the dungeon, and saw 3 of its levels.

You collected 158 gold pieces.

Inventory:

Hand Weapons
 e - a +0 hunting sling
 l - a +0 mace
 o - a +1 trident (weapon)
Missiles
 f - 100 stones (quivered)
 h - 60 arrows
Armour
 a - a +0 robe (worn)
 b - a +0 chain mail
Jewellery
 i - a ring of protection from cold (left hand)
Wands
 m - a wand of clouds (2)
Scrolls
 j - a scroll of enchant weapon
 p - a scroll of teleportation {unknown}
Potions
 d - a potion of resistance
 g - a potion of brilliance {unknown}
 k - 2 potions of lignification {unknown}
 n - a potion of heal wounds
 q - 2 potions of curing {unknown}
Comestibles
 c - 4 rations


   Skills:
 - Level 1.5 Dodging
 - Level 3.0 Stealth
 - Level 2.0 Spellcasting
 + Level 4.0 Conjurations
 + Level 4.0 Fire Magic


You had 4 spell levels left.
You knew the following spells:

 Your Spells              Type           Power        Failure   Level  Hunger
a - Flame Tongue          Conj/Fire      ##...        4%          1    #......
b - Conjure Flame         Conj/Fire      ##......     12%         3    ###....

Your spell library contained the following spells:

 Spells                   Type           Power        Failure   Level  Hunger
 Throw Flame              Conj/Fire      ##....       6%          2    ###....
 Inner Flame              Hex/Fire       #.......     26%         3    ###....
 Sticky Flame             Conj/Fire      ##......     36%         4    #####..
 Fireball                 Conj/Fire      ##........   73%         5    ######.


Dungeon Overview and Level Annotations

Branches:
Dungeon (3/15)

Altars:


Innate Abilities, Weirdness & Mutations

You cannot wear boots.
Your serpentine skin is tough. (AC +1)
You have supernaturally acute eyesight. (SInv)
Armour fits poorly on your strangely shaped body.
Your system is resistant to poisons. (rPois)
You cover ground very slowly.
You have a slow metabolism.
You can spit poison.


Message History

An orc comes into view. It is wielding a +0 mace.
The orc hits you with a +0 flail.
You hit the orc.
The orc is heavily wounded.
An adder comes into view.
The orc barely misses you.
The adder hisses angrily.
You puncture the orc!
You kill the orc!
You hear a shout!
The orc priest invokes the aid of Beogh against you.
Beogh smites you!
* * * LOW HITPOINT WARNING * * *
You hear a shout! x2
You can't do that yet.
You completely miss the orc.
The orc is heavily wounded.
The orc priest mumbles some strange prayers to Beogh against you.
Beogh smites you!
You die... . ##. #S. #o# #oo

#.# #o# #@# ##.#
#..# #.###### ###
#.#.##.# #.# #.#
#.#.##.# #.# #.##
#.#.##.## #.# ##.##
#.#.#...# #.# #...#
#.#.#...###.###...#


You could see an orc priest, an adder and 3 orcs.

Vanquished Creatures
  Terence (D:2)
  2 adders (D:2)
  2 oozes
  2 worms
  4 dart slugs
  3 leopard geckos (D:2)
  4 orcs (D:3)
  7 giant cockroaches
  5 goblins
  3 hobgoblins
  2 jackals (D:1)
  9 kobolds
  A quokka (D:3)
  3 ball pythons
  5 bats
  A frilled lizard (D:1)
  A jackal skeleton (D:2)
  10 rats
65 creatures vanquished.

Notes
Turn   | Place    | Note
-------+----------+-------------------------------------------
     0 | D:1      | MisterFreud the Naga Fire Elementalist began the quest for
                  | the Orb.
     0 | D:1      | Reached XP level 1. HP: 15/15 MP: 3/3
    85 | D:1      | Reached XP level 2. HP: 7/22 MP: 1/5
   535 | D:1      | Reached XP level 3. HP: 12/28 MP: 1/6
   841 | D:1      | Learned a level 3 spell: Conjure Flame
  1381 | D:2      | Noticed Terence
  1406 | D:2      | Reached XP level 4. HP: 35/36 MP: 0/7
  1711 | D:2      | Killed Terence
  2339 | D:3      | Reached XP level 5. HP: 42/42 MP: 8/8
  2769 | D:3      | Killed from afar by an orc priest

Vault maps used:
D:1:      onia_arrival_mini_spirals, minmay_misc_feat_square
D:2:      uniq_terence
D:3:      roderic_roman_lattice, minmay_increasing_density,
          uniq_crazy_yiuf_cottage

Skill      XL: |  1  2  3  4  5 |
---------------+----------------+-----
Conjurations   | 2 3 4 |  4.0
Fire Magic     | 4 |  4.0
Dodging        | |  1.5
Stealth        | |  3.0
Spellcasting   | |  2.0

Action                   |  1- 3 |  4- 6 || total
-------------------------+-------+-------++-------
Melee: Unarmed           |    10 |       ||    10
       Mace              |    14 |     4 ||    18
       Trident           |       |    26 ||    26
Throw: Stone             |     2 |       ||     2
 Cast: Flame Tongue      |    34 |    33 ||    67
 Abil: Spit Poison       |    30 |    21 ||    51
  Use: Scroll            |       |     6 ||     6
 Stab: Sleeping          |     1 |     1 ||     2
  Eat: Chunk             |     3 |     5 ||     8
Armor: Robe              |     9 |     6 ||    15
Dodge: Dodged            |    31 |    35 ||    66

Table legend:
 A = Non-vault XP
 B = Vault XP
 C = Vault XP percentage of total XP
 D = Non-vault monster count
 E = Vault monster count
 F = Vault count percentage of total count
                 A         B        C        D         E       F
            +---------+---------+-------+---------+---------+-------
      Total |     159 |      36 |  18.5 |      64 |       1 |   1.5
            +---------+---------+-------+---------+---------+-------
        D:1 |      52 |       0 |   0.0 |      25 |       0 |   0.0
        D:2 |      71 |      36 |  33.6 |      27 |       1 |   3.6
        D:3 |      36 |       0 |   0.0 |      12 |       0 |   0.0
            +---------+---------+-------+---------+---------+-------
